ElectroGuy, lawful male human Knight ---------- ----- |........| -------- ##...>. ----- |........| #-......| # |...|#######@@v.....| |........| #|......|########....|# ..| |.....<..| #|......|# # |...| -------|-- #|.`....-[#### ----- ### #|......|`)%### # #--------# ### #################### # # # # ## ### # -.--- # # |...|`## --------# |...-#######|......|# |...| #.....[.|# ----- |.......# -------- ElectroGuy the Esquire Experience level: 4 Strength: 14 Dexterity: 7 Constitution: 13 Intelligence: 10 Wisdom: 16 Charisma: 18 Health: 0(39) Energy: 14(22) Def: 0 Gold: 243 Moves: 3441 Dungeon seed: -gnj1hLjS5gp2Y2m Game ID: ElectroGuy_1577221809 Your Inventory: Coins $ - 243 gold pieces Amulets f - an uncursed amulet versus poison (being worn) Weapons b - a +1 lance (alternate weapon; not wielded) s - a +0 axe Armor r - an uncursed +0 pair of leather gloves Y - an uncursed +0 mummy wrapping Comestibles d - 10 uncursed carrots k - an uncursed food ration Tools t - an uncursed blindfold u - an uncursed tin opener Gems N - an uncursed worthless piece of black glass (in quiver) Spells and supernatural/magical abilities: Name Level Category Fail Memory W - pray for help -- divine ? -- X - turn undead -- divine ? -- Y - supernatural jump -- ability ? -- Your skills at the end: Fighting Skills riding [Basic] Weapon Skills long sword [Basic] lance [Basic] Spellcasting Skills Final Attributes: You were piously aligned. You were poison resistant. You aggravated monsters. You could jump. You were a wererat. You are dead. Vanquished creatures: a pony a shrieker a kobold mummy a gray ooze a kitten 2 orc zombies 3 iguanas an acid blob 2 gas spores a hobgoblin 4 giant rats a red mold 6 garter snakes 2 geckos 9 jackals 4 foxes a kobold a goblin a sewer rat 4 grid bugs 5 lichens a kobold zombie 3 newts 56 creatures vanquished. Genocided species: liches 1 species genocided. Voluntary challenges: You were an atheist. You used a wielded weapon 52 times, starting on turn 52. You read items or engraved 3 times, starting on turn 519. You genocided 1 type of monster, starting on turn 519. You never polymorphed an object. You changed form 1 time, starting on turn 3408. You used no wishes. You never split a pudding. You never wrote Elbereth's name. You never violated your personal moral code. Dungeon overview: The Dungeons of Doom: levels 1 to 4 Level 1 a long staircase Level 2 Level 3 Level 4 <- You were here a long staircase History has recorded: On T:1 you entered the Dungeons of Doom to retrieve the Amulet of Yendor! On T:350 you reached level 2 of The Dungeons of Doom. On T:829 you advanced to experience level 2. On T:840 you reached level 3 of The Dungeons of Doom. On T:1572 you advanced to experience level 3. On T:2272 you advanced to experience level 4. On T:2304 you reached level 4 of The Dungeons of Doom. Score breakdown: Gold: 243 ( 8121 points) Experience: 4 levels ( 9649 points) Exploration: 4 levels ( 7.84%) ( 7348 points) Discoveries: 4 items ( 1.63%) ( 3825 points) Valuables value: (no points given unless you survive) Artifact value: 0 ( 0 points) Variety of kills: 23 monsters ( 6.04%) ( 7370 points) Turncount: 3441 turns ( -802 points) Survival: died (score multiplied by 80%) Total score: 28408 Latest messages: You miss the wererat. The wererat summons help! The wererat bites! You miss the wererat. The giant rat bites! You hear some noises. The rabid rat bites the giant rat. The giant rat is killed! The wererat bites! The wererat changes into a human. The wererat bites! You have a sad feeling for a moment, then it passes. You displace your rabid rat. You hear some noises in the distance. You miss the fog cloud. You hit the fog cloud. The wererat hits! You miss the fog cloud. You hear some noises. The wererat hits! You die... Final status: Fare thee well ElectroGuy the Knight, killed by a wererat... You died in The Dungeons of Doom on dungeon level 4 with 28408 points, and 243 pieces of gold, after 3441 moves. You were level 4 with a maximum of 39 hit points when you died.